 Dungeon Crawl Stone Soup version 0.25-a0-670-g50981ef (webtiles) character file.

Game seed: 12973957997380261120, levelgen mode: deterministic

3080 Faca the Grappler (level 9, -3/53 HPs)
             Began as a Vine Stalker Fighter on Mar 30, 2020.
             Slain by a two-headed ogre
             ... wielding a +0 giant club
              (18 damage)
             ... on level 9 of the Dungeon.
             The game lasted 00:15:10 (7110 turns).

Faca the Grappler (Vine Stalker Fighter)            Turns: 7110, Time: 00:15:10

Health: -3/53      AC:  9    Str: 22    XL:     9   Next: 89%
Magic:  0/10       EV:  5    Int:  8    God:
Gold:   471        SH: 10    Dex: 17    Spells: 8/8 levels left

rFire    . . .     SeeInvis .     - Unarmed
rCold    + . .     Gourm    .   b - +1 kite shield
rNeg     . . .     Faith    .   t - +0 chain mail
rPois    .         Spirit   +   (no helmet)
rElec    .         Reflect  .   o - +0 cloak
rCorr    .         Harm     .   (no gloves)
MR       +....                  (no boots)
Stlth    ..........             g - amulet of regeneration
HPRegen  0.97/turn              s - +3 ring of dexterity
MPRegen  0.12/turn              x - ring of protection from cold

@: no status effects
A: fangs 3, regeneration 1, magic shield, antimagic bite, no potion heal 3, rot
immunity
a: no special abilities


You were on level 9 of the Dungeon.
You were not hungry.

You visited 2 branches of the dungeon, and saw 12 of its levels.
You also visited: Ossuary.

You collected 471 gold pieces.

Inventory:

Missiles
 m - 4 boomerangs (quivered)
 p - a throwing net
Armour
 b - a +1 kite shield (worn)
 o - a +0 cloak (worn)
 t - a +0 chain mail (worn)
Jewellery
 c - the amulet "Xabruh" {Acrobat *Corrode rElec rC+ MR+, unknown}
   (You found it on level 10 of the Dungeon)

   [amulet of the acrobat]

   It helps you evade while moving and waiting.
   It protects you from cold.
   It insulates you from electricity.
   It affects your resistance to hostile enchantments.
   It may corrode you when you take damage.
 g - an amulet of regeneration (around neck)
 s - a +3 ring of dexterity (left hand)
 x - a ring of protection from cold (right hand)
 C - an uncursed amulet of rage {unknown}
Wands
 n - a wand of flame (9)
 v - a wand of digging (4)
 w - a wand of polymorph (6)
 B - a wand of acid (10)
Scrolls
 e - a scroll of enchant armour
 i - 4 scrolls of remove curse
 k - a scroll of magic mapping
 l - 2 scrolls of fear
 y - a scroll of blinking
 E - a scroll of enchant weapon
Potions
 a - a potion of heal wounds {unknown}
 f - 6 potions of curing
 h - a potion of berserk rage {unknown}
 j - a potion of lignification
 q - 3 potions of haste
 r - 2 potions of resistance
 u - a potion of ambrosia {unknown}
 z - 2 potions of brilliance {unknown}
 A - a potion of flight
Comestibles
 d - 9 rations
 D - 2 chunks of flesh


   Skills:
 + Level 9.2 Fighting
 - Level 2.4 Armour
 - Level 2.6 Shields
 + Level 9.7 Unarmed Combat


You had 8 spell levels left.
You didn't know any spells.
Your spell library was empty.

Dungeon Overview and Level Annotations

Branches:
Dungeon (11/15)            Temple (1/1) D:5            Lair (0/6) D:11
Ossuary (visited)
    Orc: D:9-12

Altars:
Ashenzari
Cheibriados
Dithmenos
Elyvilon
Fedhas
Hepliaklqana
Kikubaaqudgha
Nemelex Xobeh
Qazlal
Sif Muna
Uskayaw
Vehumet
Wu Jian
Yredelemnul
Zin
The Shining One

Shops:
D:8 (


Innate Abilities, Weirdness & Mutations

You have razor-sharp teeth.
Your natural rate of healing is unusually fast.
When hurt, damage is shared between your health and your magic reserves.
Your bite disrupts and absorbs the magic of your enemies.
Potions cannot restore your health.
You are immune to rotting.


Message History

The two-headed ogre hits you with a cursed -2 giant club.
You hit the two-headed ogre. You bite the two-headed ogre. You drain its power.
You feel invigorated.
The two-headed ogre is moderately wounded.
You block the two-headed ogre's attack. x2
You barely miss the two-headed ogre. You bite the two-headed ogre.
You drain its power.
The two-headed ogre is moderately wounded.
Your chain mail prevents you from hitting the two-headed ogre.
You bite the two-headed ogre. You drain its power.
The two-headed ogre is moderately wounded.
The two-headed ogre barely misses you.
The two-headed ogre hits you with a cursed -2 giant club!
You punch the two-headed ogre! You bite the two-headed ogre.
You drain its power.
You feel invigorated.
The two-headed ogre is severely wounded.
The two-headed ogre hits you with a +0 giant club!
* * * LOW HITPOINT WARNING * * *
The two-headed ogre hits you with a cursed -2 giant club!!
You die...

#.. #.# #.#
#.# ##.. .O#
#O# ##@##
######...##.#
.......>....#
######...##.#
##.## # #.#
#># #.# #.#


You could see 2 two-headed ogres.

Vanquished Creatures
  A two-headed ogre (D:8)
  A hippogriff (D:8)
  A hungry ghost (D:7)
  A sky beast (D:8)
  2 phantoms
  2 ogres
  A centaur (D:7)
  A big kobold (D:7)
  An elf zombie (Ossuary)
  2 bullfrogs
  3 wights (D:7)
  5 howler monkeys
  2 centaur zombies
  A crimson imp (D:6)
  2 human zombies (Ossuary)
  3 bullfrog zombies (D:7)
  2 hounds
  3 orc wizards
  2 bullfrog skeletons
  An iron imp (D:6)
  5 worker ants
  A big kobold zombie (Ossuary)
  6 hound zombies (Ossuary)
  3 mummies (Ossuary)
  A howler monkey zombie (D:7)
  A gnoll (D:1)
  13 adders
  A shadow imp (D:6)
  4 oozes
  3 adder zombies (Ossuary)
  A worm (D:2)
  2 dart slugs
  A leopard gecko (D:8)
  10 orcs
  9 bats
  5 giant cockroaches
  7 goblins
  11 hobgoblins
  10 jackals
  4 quokkas
  2 ball pythons
  10 frilled lizards
  5 goblin zombies (Ossuary)
  3 hobgoblin zombies (Ossuary)
  A jackal zombie (Ossuary)
  11 kobolds
  2 kobold zombies (Ossuary)
  2 orc zombies (Ossuary)
  A quokka skeleton (D:8)
  8 quokka zombies
  8 rats
  3 rat zombies (Ossuary)
191 creatures vanquished.

Notes
Turn   | Place    | Note
-------+----------+-------------------------------------------
     0 | D:1      | Faca the Vine Stalker Fighter began the quest for the Orb.
     0 | D:1      | Reached XP level 1. HP: 11/11 MP: 2/2
   570 | D:1      | Reached XP level 2. HP: 16/16 MP: 1/3
  1035 | D:1      | Reached XP level 3. HP: 5/20 MP: 4/4
  1622 | D:2      | You fall into a shaft and drop 2 floors!
  1773 | D:4      | Gained mutation: Your natural rate of healing is unusually
                  | fast. [Vine Stalker growth]
  1773 | D:4      | Reached XP level 4. HP: 15/25 MP: 2/5
  1910 | D:2      | Found a faded altar of an unknown god.
  1961 | D:2      | You fall into a shaft and drop 1 floor!
  1970 | D:3      | Reached XP level 5. HP: 29/29 MP: 6/6
  2941 | D:3      | Found a white marble altar of Elyvilon.
  3041 | D:3      | Reached XP level 6. HP: 32/34 MP: 7/7
  3811 | D:4      | Reached skill level 5 in Fighting
  3864 | D:4      | Reached skill level 5 in Unarmed Combat
  3870 | D:4      | Reached XP level 7. HP: 36/39 MP: 6/8
  4304 | D:4      | Found a glowing golden altar of the Shining One.
  4362 | D:5      | Entered Level 5 of the Dungeon
  4402 | D:5      | Found a staircase to the Ecumenical Temple.
  4415 | Temple   | Entered the Ecumenical Temple
  4735 | D:5      | Found a stormy altar of Qazlal.
  5054 | D:6      | Found a snail-covered altar of Cheibriados.
  5682 | D:7      | Noticed a hungry ghost
  5709 | D:7      | Killed a hungry ghost
  5709 | D:7      | Gained mutation: You have razor-sharp teeth. [Vine Stalker
                  | growth]
  5709 | D:7      | Reached XP level 8. HP: 43/45 MP: 7/9
  5712 | D:7      | Paralysed by fainting for 11 turns
  6076 | D:7      | Reached XP level 9. HP: 51/51 MP: 10/10
  6353 | D:8      | Found a sand-covered staircase.
  6409 | Ossuary  | Entered an ossuary
  6717 | D:8      | Found Ykhlalao's Antique Weapon Boutique.
  6859 | D:8      | Noticed a two-headed ogre
  6867 | D:8      | Killed a two-headed ogre
  7008 | D:8      | You fall into a shaft and drop 3 floors!
  7008 | D:11     | Noticed a seven-headed hydra
  7021 | D:10     | Entered Level 10 of the Dungeon
  7058 | D:10     | Got a warped zirconium amulet
  7103 | D:9      | Noticed a two-headed ogre
  7103 | D:9      | Noticed a two-headed ogre
  7110 | D:9      | Slain by a two-headed ogre

Levels and vault maps discovered:
D:1:      saegor_arrival_simple_b, layout_basic
D:2:      minmay_evil_eye, layout_loops_ring, first_ration,
          chequers_ecumenical_altar_island, minmay_goblin_outpost
D:3:      layout_basic, elyvilon_altar_1
D:4:      layout_loops_corners, minmay_misc_feat_rugged,
          nicolae_tso_swordbearing_angel
D:5:      layout_loops_ring, marbit_many_paths, minmay_temple_entry_tees
D:6:      layout_loops_corners, slow_altar_1
D:7:      layout_loops_cross
D:8:      layout_basic, serial_shops, kennysheep_little_box,
          nicolae_ossuary_entry_ruins
D:9:      layout_loops_ring, minitemple, basic_altar, the_bakery,
          grunt_decor_arrowhead, grunt_gozag_breadcrumbs
D:10:     layout_roguey, minmay_orc_entry_temple_small
D:11:     layout_big_octagon, basic_altar
Temple:   cyrus_circular_temple

Skill      XL: |  1  2  3  4  5  6  7  8  9 |
---------------+----------------------------+-----
Fighting       | 3 4 5 6 7 9 |  9.2
Unarmed Combat | 3 4 5 6 8 9 |  9.7
Armour         | |  2.4
Shields        | |  2.6

Action                   |  1- 3 |  4- 6 |  7- 9 || total
-------------------------+-------+-------+-------++-------
Melee: Unarmed           |   120 |   178 |   380 ||   678
       Bite              |    42 |    51 |   137 ||   230
Throw: Boomerang         |       |     2 |       ||     2
  Use: Scroll            |     5 |    10 |     6 ||    21
       Potion            |       |       |     1 ||     1
  Eat: Chunk             |     2 |    17 |     4 ||    23
       Ration            |       |       |     1 ||     1
Armor: Scale mail        |    40 |    49 |     2 ||    91
       Chain mail        |       |       |   137 ||   137
Dodge: Dodged            |    41 |    43 |    64 ||   148
Block: Kite shield       |    58 |    90 |   172 ||   320

Table legend:
 A = Non-vault XP
 B = Vault XP
 C = Vault XP percentage of total XP
 D = Non-vault monster count
 E = Vault monster count
 F = Vault count percentage of total count
                 A         B        C        D         E       F
            +---------+---------+-------+---------+---------+-------
      Total |    3871 |     530 |  12.0 |     140 |      51 |  26.7
            +---------+---------+-------+---------+---------+-------
        D:1 |      57 |       0 |   0.0 |      24 |       0 |   0.0
        D:2 |     116 |      18 |  13.4 |      23 |      10 |  30.3
        D:3 |     180 |       0 |   0.0 |      20 |       0 |   0.0
        D:4 |     398 |       0 |   0.0 |      16 |       0 |   0.0
        D:5 |       4 |       0 |   0.0 |       3 |       0 |   0.0
        D:6 |     341 |      39 |  10.3 |       8 |       1 |  11.1
        D:7 |    1222 |       0 |   0.0 |      27 |       0 |   0.0
        D:8 |    1414 |       0 |   0.0 |      17 |       0 |   0.0
        D:9 |      97 |       0 |   0.0 |       1 |       0 |   0.0
       D:10 |      42 |       0 |   0.0 |       1 |       0 |   0.0
    Ossuary |       0 |     473 | 100.0 |       0 |      40 | 100.0
            +---------+---------+-------+---------+---------+-------
